 Dungeon Crawl Stone Soup version 0.29.1-15-g9cfb28693d (webtiles) character file.

Game seed: 10255953182158514062

63 boopmooplesden the Chopper (level 3, -2/34 HPs)
             Began as a Minotaur Berserker on Mar 23, 2023.
             Was a Believer of Trog.
             Slain by Robin
             ... wielding a +0 short sword
              (3 damage)
             ... on level 2 of the Dungeon.
             The game lasted 00:01:32 (1744 turns).

boopmooplesden the Chopper (Minotaur Berserker)     Turns: 1744, Time: 00:01:32

Health: -2/34      AC:  2    Str: 23    XL:     3   Next: 87%
Magic:  2/2        EV: 12    Int:  4    God:    Trog [**....]
Gold:   103        SH:  0    Dex:  9    Spells: 2/2 levels left

rFire   . . .      SeeInvis .   a - +0 hand axe
rCold   . . .      Faith    .   (no shield)
rNeg    . . .      Spirit   .   b - +0 animal skin
rPois   .          Reflect  .   (helmet restricted)
rElec   .          Harm     .   (no cloak)
rCorr   .          Rampage  .   (no gloves)
Will    .....                   (no boots)
Stlth   +.........              (no amulet)
HPRegen 0.11/turn               (no ring)
MPRegen 0.08/turn               (no ring)

@: lethally poisoned (-2 -> -14), weak-willed, on berserk cooldown, slowed, very
slow
A: horns 2, retaliatory headbutt
a: Renounce Religion, Berserk, Trog's Hand


You were on level 2 of the Dungeon.
You worshipped Trog.
Trog was pleased with you.
You visited 1 branch of the dungeon, and saw 2 of its levels.

You collected 103 gold pieces.

Inventory:

Hand Weapons
 a - a +0 hand axe (weapon)
Armour
 b - a +0 animal skin (worn)
Scrolls
 d - a scroll of teleportation
Potions
 c - a potion of curing {unknown}
 e - 2 potions of flight


   Skills:
 + Level 4.4 Fighting
 + Level 4.6 Axes
 + Level 2.8 Armour
 + Level 2.7 Dodging


You had 2 spell levels left.
You didn't know any spells.
Your spell library was empty.

Dungeon Overview and Level Annotations

Branches:
Dungeon (2/15)

Altars:

Annotations:
D:2 Robin


Innate Abilities, Weirdness & Mutations

You have a pair of horns on your head.
You reflexively headbutt those who attack you in melee.


Message History

Trog accepts your kill.
You barely miss the goblin. Robin barely misses you.
The goblin hits you with a +0 dagger of venom.
You are poisoned.
The goblin barely misses you. The goblin hits you with a +0 dagger.
Things that are here:
a +0 dagger; a goblin corpse You closely miss the goblin.
Your headbutt misses the goblin. You barely miss the goblin. You hit Robin.
You closely miss the goblin.
You feel sick. The goblin closely misses you. Robin throws the goblin at you!
The goblin closely misses you. The goblin hits you with a +0 dagger.
You are no longer berserk.
You are exhausted.
You feel yourself slow down.
You feel sick. The goblin attacks as you move away!
The goblin barely misses you.
Found a scroll of teleportation.
You feel very sick. Robin throws the goblin at you!
The goblin hits you but does no damage.
The goblin unwields a +0 club.
The goblin wields a +0 sling.
The goblin shoots a sling bullet.
The sling bullet misses you.
The goblin hits you with a +0 dagger of venom.
Robin hits you with a +0 short sword. The goblin hits you with a +0 dagger.
* * * LOW HITPOINT WARNING * * *
You hit Robin.
Robin is heavily wounded.
You closely miss the goblin. You hit the goblin.
You feel sick.
The goblin hits you with a +0 dagger of venom.
* * * LOW HITPOINT WARNING * * *
You are more poisoned.
Robin throws the goblin at you! The goblin hits you but does no damage.
The goblin unwields a +0 sling.
The goblin wields a +0 club.
The goblin barely misses you. The goblin hits you with a +0 dagger.
* * * LOW HITPOINT WARNING * * *
The goblin barely misses you. You furiously retaliate!
You headbutt the goblin!
You kill the goblin!
Trog accepts your kill.
Robin flexes a bicep menacingly.
Robin hits you with a +0 short sword.
You die...

*,,,,,,,,* **,,,,*
*,,,..,,,****,,,,,*
########.##*,,,,,,,,,,*
#.........,,*****,,,,,,
#........#*,*#****,,,,,
#........#*,..,,,,*,,,*
#........##...,,,,*****
#......)....?.,,,<,,,,,
#.....@g.#*,,,,,,,****,
#....g.g.#*,,,,,,,****,
#####.)###*,,,,,,,,,**,
###†)####,,,,,,,*,**,
#..$))..#*****,**,##, #.#.)##.#
*,,,..., #.#..##.#########.#,,
******* #,#...............#,*
,,,,,,*******,#.###>....#...#.#,*


You could see Robin and 2 goblins.

Vanquished Creatures
  A worm (D:2)
  3 dart slugs (D:1)
  2 ball pythons
  7 bats
  4 endoplasms
  11 goblins
  7 hobgoblins
  3 jackals (D:1)
  A quokka (D:1)
  A frilled lizard (D:1)
  2 kobolds
  5 rats (D:1)
47 creatures vanquished.

Vanquished Creatures (others)
  3 plants (D:1)
3 creatures vanquished.

Grand Total: 50 creatures vanquished

Notes
Turn   | Place    | Note
-------+----------+-------------------------------------------
     0 | D:1      | boopmooplesden the Minotaur Berserker began the quest for
                  | the Orb.
     0 | D:1      | Reached XP level 1. HP: 19/19 MP: 0/0
   323 | D:1      | Reached XP level 2. HP: 23/27 MP: 1/1
   828 | D:1      | Reached XP level 3. HP: 26/33 MP: 2/2
   830 | D:1      | Reached ** piety under Trog
  1295 | D:1      | Found a faded altar of an unknown god.
  1727 | D:2      | Noticed Robin
  1744 | D:2      | HP: 1/34 [goblin/+0 dagger[Robin] (2)]
  1744 | D:2      | Slain by Robin

Illustrated notes

Levels and vault maps discovered:
D:1:      dpeg_arrival_simpleton_c, layout_basic,
          chequers_ecumenical_altar_lobes
D:2:      layout_loops_cross, minmay_misc_feat_x, uniq_robin, uniq_sigmund

Skill      XL: |  1  2 |
---------------+-------+-----
Fighting       | 4 |  4.4
Axes           | 4 |  4.6
Armour         | |  2.8
Dodging        | |  2.7

Action                   || total
-------------------------++-------
Melee: Hand axe          ||    73
       Headbutt          ||     3
Invok: Berserk           ||     1
  Use: Scroll            ||     7
Armor: Animal skin       ||    14
Dodge: Dodged            ||    61
